 Dungeon Crawl Stone Soup version 0.30-a0-778-g2ef04afb54 (webtiles) character file.

Game seed: 7446958634878221550

925 themarg the Chiller (level 8, -2/52 HPs)
             Began as an Octopode Ice Elementalist on Feb 16, 2023.
             Slain by an ice beast (8 damage)
             ... on level 5 of the Dungeon.
             The game lasted 00:35:32 (6765 turns).

themarg the Chiller (Octopode Ice Elementalist)     Turns: 6765, Time: 00:35:33

Health: -2/52      AC:  1    Str:  8    XL:     8   Next: 10%
Magic:  11/15      EV: 14    Int: 19    God:
Gold:   199        SH:  0    Dex: 12    Spells: 10/17 levels left

rFire   . . .      SeeInvis .    l - +2 dagger (drain)
rCold   . . .      Faith    .    (no shield)
rNeg    . . .      Spirit   .    (helmet restricted)
rPois   .          Reflect  .    (no amulet)
rElec   .          Harm     .    (no ring)
rCorr   .          Rampage  .    (no ring)
Will    .....                    (no ring)
Stlth   ++++                     (no ring)
HPRegen 0.28/turn                (no ring)
MPRegen 0.14/turn                (no ring)
                                 (no ring)
                                 (no ring)

@: about to teleport, freezing walls
A: almost no armour, amphibious, 8 rings, camouflage 1, gelatinous body 1,
(nimble swimmer 1), tentacles
a: no special abilities


You were on level 5 of the Dungeon.
You visited 1 branch of the dungeon, and saw 5 of its levels.

You collected 199 gold pieces.

Inventory:

Hand Weapons
 l - a +2 dagger of draining (weapon)
Missiles
 q - a throwing net (quivered)
Magical Staves
 d - a staff of earth
Jewellery
 o - an amulet of guardian spirit
Scrolls
 g - a scroll of poison {unknown}
 h - a scroll of teleportation
 j - a scroll of magic mapping {unknown}
 n - a scroll of butterflies {unknown}
 p - 3 scrolls of fog
 r - a scroll of blinking {unknown}
 t - 3 scrolls of enchant weapon {unknown}
Potions
 a - a potion of magic
 b - a potion of curing
 c - 2 potions of heal wounds
 e - a potion of cancellation {unknown}
 f - 3 potions of brilliance
 m - a potion of mutation {unknown}
 s - a potion of lignification {unknown}


   Skills:
 - Level 3.0 Fighting
 - Level 5.0 Dodging
 - Level 5.0 Stealth
 - Level 5.0 Spellcasting
 + Level 2.0 Summonings
 - Level 5.0 Ice Magic


You had 10 spell levels left.
You knew the following spells:

 Your Spells              Type           Power      Damage    Failure   Level
a - Freeze                Ice            92%        1d9       1%          1
b - Ozocubu's Armour      Ice            23%        N/A       4%          3
c - Frozen Ramparts       Ice            46%        1d7       4%          3

Your spell library contained the following spells:

 Spells                   Type           Power      Damage    Failure   Level
 Summon Ice Beast         Ice/Summ       18%        N/A       28%         4


Dungeon Overview and Level Annotations

Branches:
Dungeon (5/15)
 Temple: D:4-7

Altars:

Shops:
D:3 *

Annotations:
D:2 1 runed translucent door, exclusion: door, Crazy Yiuf
D:3 exclusions: gnoll sergeant and worm
D:5 1 transporter, exclusions: 3 gnolls and phantom, Gmoney's ghost, novice MiFi


Innate Abilities, Weirdness & Mutations

You cannot wear most types of armour.
You are amphibious.
You can wear up to eight rings at the same time.
Your skin changes colour to match your surroundings (Stealth+).
Your rubbery body absorbs attacks. (AC +1, EV +1)
((You are camouflaged when in or above water. (Stealth+)))
You have tentacles for arms and can constrict up to eight enemies at once.


Message History

You start resting.
HP restored.
You start resting.
Magic restored.
You see here a +0 flail.
A centaur is nearby!
The centaur shouts!
The centaur unwields a +0 spear.
The centaur wields a +0 shortbow.
The centaur shoots an arrow.
The arrow closely misses you.
The centaur shoots an arrow.
The arrow hits you!
The centaur zaps a wand.
You resist with some effort.
The centaur unwields a +0 shortbow.
The centaur wields a +0 spear.
The centaur completely misses you. The centaur closely misses you.
Casting: Frozen Ramparts (dangerous; 4% risk of failure)
Press: ? - help, Dir - look around, f - activate The walls around you are covered in ice.
The centaur zaps a wand.
You resist with some effort.
Aiming: Freeze (safe; 1% risk of failure)
Press: ? - help, Shift-Dir - straight line, f - centaur
Aim: a centaur, wielding a +0 spear, quivering stones and carrying a wand of paralysis (2)
You freeze the centaur!
The centaur is moderately wounded.
The centaur zaps a wand.
You suddenly lose the ability to move!
The centaur zaps a wand.
You shrug off the repeated paralysis!
The now-empty wand crumbles to dust.
The centaur hits you with a +0 spear! The centaur kicks you.
The centaur hits you with a +0 spear! The centaur kicks you.
The centaur hits you with a +0 spear. The centaur kicks you.
You can move again.
As you read the scroll of teleportation, it crumbles to dust.
You feel strangely unstable. The centaur hits you with a +0 spear!
* * * LOW HITPOINT WARNING * * *
The centaur kicks you.
* * * LOW HITPOINT WARNING * * *
The ice beast completely resists.
The wall freezes the ice beast but does no damage.
The ice beast hits you.
* * * LOW HITPOINT WARNING * * *
The ice beast freezes you!
You die...

### ####.#### ###
#.......# #<#
#...).#.#####
###)####..#.##<....###
#............#.......#
#.######@c..##.....#.#
#.#### #.Y†..........#
#...[####.).#........####
####.##....(.............
.#..###........######
#...# #(#.###..# ###
..Y## #.#......####..
..>O ...........)... . g#
#.#.....#####..


You could see an ice beast and a centaur.

Vanquished Creatures
  A black bear (D:5)
  A centaur (D:5)
  An ogre (D:5)
  A phantom (D:4)
  A scorpion (D:5)
  A howler monkey (D:5)
  A gnoll bouda (D:4)
  3 orc priests
  A hound (D:5)
  A jelly (D:5)
  An iguana (D:5)
  An orc wizard (D:5)
  5 adders
  11 gnolls
  An ufetubus (D:3)
  A worm (D:2)
  3 dart slugs
  13 orcs
  4 bats
  9 endoplasms
  5 giant cockroaches
  7 goblins
  6 hobgoblins
  11 jackals
  2 quokkas
  11 ball pythons
  3 frilled lizards (D:1)
  4 kobolds
  4 rats
114 creatures vanquished.

Vanquished Creatures (others)
  2 fungi (D:2)
2 creatures vanquished.

Grand Total: 116 creatures vanquished

Notes
Turn   | Place    | Note
-------+----------+-------------------------------------------
     0 | D:1      | themarg the Octopode Ice Elementalist began the quest for
                  | the Orb.
     0 | D:1      | Reached XP level 1. HP: 11/11 MP: 3/3
   258 | D:1      | Reached XP level 2. HP: 17/17 MP: 3/5
   840 | D:1      | Reached XP level 3. HP: 21/21 MP: 4/6
   844 | D:1      | Learned a level 3 spell: Ozocubu's Armour
  1887 | D:2      | Learned a level 3 spell: Frozen Ramparts
  2426 | D:2      | Found a runed translucent door.
  2427 | D:2      | Noticed Crazy Yiuf
  2708 | D:2      | Reached XP level 4. HP: 20/27 MP: 0/7
  2831 | D:3      | Found Iptybeal's Assorted Antiques.
  3472 | D:3      | Reached skill level 5 in Ice Magic
  3637 | D:3      | Noticed a gnoll sergeant
  3812 | D:4      | Reached XP level 5. HP: 31/31 MP: 5/9
  3875 | D:4      | Reached skill level 5 in Stealth
  3972 | D:4      | Reached skill level 1 in Fighting
  4392 | D:4      | Reached XP level 6. HP: 39/39 MP: 6/10
  5176 | D:5      | Entered Level 5 of the Dungeon
  5593 | D:5      | Reached XP level 7. HP: 36/46 MP: 2/11
  5679 | D:5      | Found a transporter.
  5775 | D:5      | Reached skill level 5 in Dodging
  5778 | D:5      | Reached skill level 1 in Summonings
  6230 | D:5      | Paralysed by a centaur for 5 turns
  6237 | D:5      | Paralysed by a centaur for 4 turns
  6358 | D:5      | Noticed Gmoney's ghost (novice MiFi)
  6660 | D:5      | Reached XP level 8. HP: 47/52 MP: 4/14
  6663 | D:5      | Reached skill level 5 in Spellcasting
  6762 | D:5      | Paralysed by a centaur for 3 turns
  6765 | D:5      | Slain by an ice beast

Illustrated notes

Levels and vault maps discovered:
D:1:      lightli_arrival_chessboard, layout_basic, minmay_shallow_snake_nest
D:2:      layout_basic, uniq_crazy_yiuf_cottage
D:3:      layout_rooms, serial_corexii_hall, corexii_hall_statues_x,
          corexii_hall_statues_l, chequers_hall_statues_wall_a,
          chequers_hall_statues_wall_a, serial_shops, shop,
          nicolae_figureground_pulse
D:4:      layout_cave_pools
D:5:      layout_basic, gammafunk_ghost_stat_death, minmay_pentangle

Skill      XL: |  1  2  3  4  5  6  7  8 |
---------------+-------------------------+-----
Stealth        | 3 4 5 |  5.0
Ice Magic      | 5 |  5.0
Spellcasting   | 3 4 5 |  5.0
Fighting       | 1 3 |  3.0
Dodging        | 4 5 |  5.0
Summonings     | 2 |  2.0

Action                     |  1- 3 |  4- 6 |  7- 9 || total
---------------------------+-------+-------+-------++-------
  Melee: Short sword       |    17 |     3 |       ||    20
         Constrict         |     5 |     8 |     1 ||    14
         Tentacles         |     2 |     8 |     3 ||    13
         Dagger            |       |    35 |    19 ||    54
         Punch             |       |     2 |       ||     2
  Throw: Stone             |     7 |    24 |     4 ||    35
         Dart              |       |       |     4 ||     4
         Throwing net      |       |       |     1 ||     1
   Cast: Freeze            |    47 |    35 |    31 ||   113
         Frozen Ramparts   |     2 |    29 |    12 ||    43
         Ozocubu's Armour  |     1 |     7 |     5 ||    13
    Use: Scroll            |       |     5 |     2 ||     7
   Stab: Sleeping          |     2 |     5 |       ||     7
 Armour: Skin              |     5 |     7 |    10 ||    22
  Dodge: Dodged            |    24 |    42 |    53 ||   119

Table legend: (Time is in decaauts)
 A = Elapsed time spent in this place.
 B = Non-inter-level travel time spent in this place.
 C = Inter-level travel time spent in this place.
 D = Time resting spent in this place.
 E = Time spent auto-exploring this place.
 F = Levels seen in this place.
 G = Mean time per level.
                   A        B        C        D        E       F      G
               +--------+--------+--------+--------+--------+-----+--------+
         Total |   6779 |   6330 |    449 |   2108 |   2756 |   5 | 1355.8 |
       Dungeon |   6779 |   6330 |    449 |   2108 |   2756 |   5 | 1355.8 |
               +--------+--------+--------+--------+--------+-----+--------+

Top non-repeatable levels by time:
     D:4: 1900 daAuts
     D:2: 1472 daAuts
     D:1: 1466 daAuts
     D:3: 1181 daAuts
     D:5: 757 daAuts
